TOP OF THE 1ST |
Wichita State University Shockers batting - Pitching for Pennsylvania State University Nittany Lions : LHP Jeremy Bravo
|
Pitching: LHP Jeremy Bravo
|
|
Batting: RHB Alex Zeledon
|
0-0: Foul Ball, location: 2F 0-1: Ball 1-1: Ground out 6-3 (Groundball, 6, EV 81.2 MPH)
|
Batting: RHB Lucio Baratta
|
0-0: Called Strike 0-1: Ball 1-1: Ball 2-1: Foul Ball, location: 2F 2-2: Ball 3-2: SINGLE (Line Drive, 9S, EV 110.0 MPH)
|
Batting: LHB Carlos Flores
|
0-0: Ball 1-0: Ball 2-0: Ball 3-0: Base on Balls Lucio Baratta to second
|
Batting: RHB Jordan Carr
|
0-0: Ball Wild Pitch! Lucio Baratta to third Carlos Flores to second 1-0: Swinging Strike 1-1: Called Strike 1-2: Foul Ball, location: 2F 1-2: Ball 2-2: SINGLE (Groundball, 6MD, EV 108.1 MPH) Lucio Baratta scores Carlos Flores to third Runner from 3rd tries for Home, SAFE, throw by CF to home Jordan Carr to second
|
Batting: RHB Kyle Gill
|
0-0: Ground out 6-3 (Groundball, 6, EV 81.9 MPH)
|
Batting: SHB Mike Chafe
|
0-0: Called Strike 0-1: Ball 1-1: Foul Ball, location: 2F 1-2: Ball 2-2: Fly out, F4 (Popup, 34, EV 55.0 MPH)
|
Top of the 1st over - 2 runs, 2 hits, 0 errors, 1 left on base; Wichita State University 2 - Pennsylvania State University 0 |
BOTTOM OF THE 1ST |
Pennsylvania State University Nittany Lions batting - Pitching for Wichita State University Shockers : RHP Boboy Cacabelos
|
Pitching: RHP Boboy Cacabelos
|
|
Batting: RHB Jesse Bandt
|
0-0: Ball 1-0: Fly out, F7 (Line Drive, 7, EV 88.8 MPH)
|
Batting: RHB Pete Martin
|
0-0: Fly out, F8 (Flyball, 89M, EV 78.1 MPH)
|
Batting: RHB Josh Ebeling
|
0-0: Foul Ball, location: 2F 0-1: Foul Ball, location: 2F 0-2: Foul Ball, location: 2F 0-2: Ball 1-2: Ball 2-2: Ball 3-2: Foul Ball, location: 2F 3-2: Foul Ball, location: 2F 3-2: Ground out 5-3 (Groundball, 5D, EV 96.9 MPH)
|
Bottom of the 1st over - 0 runs, 0 hits, 0 errors, 0 left on base; Wichita State University 2 - Pennsylvania State University 0 |
TOP OF THE 2ND |
Wichita State University Shockers batting - Pitching for Pennsylvania State University Nittany Lions : LHP Jeremy Bravo
|
Batting: RHB Rick McGrath
|
0-0: Ball 1-0: Ball 2-0: Ball 3-0: Base on Balls
|
Batting: SHB Peter Faggard
|
0-0: Fly out, F9 (Flyball, 89M, EV 75.0 MPH)
|
Batting: RHB Jeff Grant
|
0-0: Ball 1-0: Ground out 5-3 (Groundball, 56S, EV 73.1 MPH) Rick McGrath to second
|
Batting: RHB Alex Zeledon
|
0-0: Called Strike 0-1: Fly out, F8 (Flyball, 78M, EV 93.1 MPH)
|
Top of the 2nd over - 0 runs, 0 hits, 0 errors, 1 left on base; Wichita State University 2 - Pennsylvania State University 0 |
BOTTOM OF THE 2ND |
Pennsylvania State University Nittany Lions batting - Pitching for Wichita State University Shockers : RHP Boboy Cacabelos
|
Batting: RHB Rob Hinojosa
|
0-0: Ball 1-0: Foul Ball, location: 2F 1-1: Ball 2-1: Called Strike 2-2: Ball 3-2: SINGLE (Line Drive, 4MD, EV 102.5 MPH)
|
Batting: RHB Victor Victorino
|
0-0: Fly out, F7 (Line Drive, 7, EV 98.1 MPH)
|
Batting: RHB Joe Strachan
|
0-0: Ball 1-0: Fielders Choice at 2nd, 5-4 (Groundball, 5S, EV 90.6 MPH)
|
Batting: RHB Francisco Velazquez
|
0-0: Foul Ball, location: 2F 0-1: Ball 1-1: Ball 2-1: Called Strike 2-2: Strikes out swinging
|
Bottom of the 2nd over - 0 runs, 1 hit, 0 errors, 1 left on base; Wichita State University 2 - Pennsylvania State University 0 |
TOP OF THE 3RD |
Wichita State University Shockers batting - Pitching for Pennsylvania State University Nittany Lions : LHP Jeremy Bravo
|
Batting: RHB Lucio Baratta
|
0-0: Ball 1-0: Called Strike 1-1: Foul Ball, location: 2F 1-2: Ball 2-2: Foul Ball, location: 2F 2-2: Ground out 1-3 (Groundball, 25, EV 68.8 MPH)
|
Batting: LHB Carlos Flores
|
0-0: Foul Ball, location: 2F 0-1: Ball 1-1: Fly out, F8 (Flyball, 78M, EV 80.0 MPH)
|
Batting: RHB Jordan Carr
|
0-0: Ground out 5-3 (Groundball, 56, EV 97.5 MPH)
|
Top of the 3rd over - 0 runs, 0 hits, 0 errors, 0 left on base; Wichita State University 2 - Pennsylvania State University 0 |
BOTTOM OF THE 3RD |
Pennsylvania State University Nittany Lions batting - Pitching for Wichita State University Shockers : RHP Boboy Cacabelos
|
Batting: LHB Dan Lape
|
0-0: Foul Ball, location: 2F 0-1: Ball 1-1: Ball 2-1: Swinging Strike 2-2: Strikes out swinging
|
Batting: RHB James Steinmetz
|
0-0: Called Strike 0-1: Fly out, F7 (Flyball, 7D, EV 83.8 MPH)
|
Batting: RHB Jesse Bandt
|
0-0: Foul Ball, location: 2F 0-1: SINGLE (Groundball, 6D, EV 95.0 MPH)
|
Batting: RHB Pete Martin
|
0-0: Ball 1-0: Ground out 6-3 (Groundball, 6S, EV 85.0 MPH)
|
Bottom of the 3rd over - 0 runs, 1 hit, 0 errors, 1 left on base; Wichita State University 2 - Pennsylvania State University 0 |
TOP OF THE 4TH |
Wichita State University Shockers batting - Pitching for Pennsylvania State University Nittany Lions : LHP Jeremy Bravo
|
Batting: RHB Kyle Gill
|
0-0: Called Strike 0-1: Called Strike 0-2: Foul Ball, location: 2F 0-2: Ball 1-2: Ball 2-2: Foul Ball, location: 2F 2-2: Strikes out swinging
|
Batting: SHB Mike Chafe
|
0-0: Called Strike 0-1: Called Strike 0-2: Strikes out swinging
|
Batting: RHB Rick McGrath
|
0-0: Ball 1-0: Called Strike 1-1: Foul Ball, location: 2F 1-2: SOLO HOME RUN (Flyball, 7LD, EV 97.5 MPH), Distance : 348 ft
|
Batting: SHB Peter Faggard
|
0-0: Ball 1-0: Ball 2-0: Called Strike 2-1: Ground out 5-3 (Groundball, 56, EV 101.2 MPH)
|
Top of the 4th over - 1 run, 1 hit, 0 errors, 0 left on base; Wichita State University 3 - Pennsylvania State University 0 |
BOTTOM OF THE 4TH |
Pennsylvania State University Nittany Lions batting - Pitching for Wichita State University Shockers : RHP Boboy Cacabelos
|
Batting: RHB Josh Ebeling
|
0-0: Foul Ball, location: 2F 0-1: Ball 1-1: SINGLE (Flyball, 8RS, EV 86.2 MPH)
|
Batting: RHB Rob Hinojosa
|
0-0: Called Strike 0-1: Swinging Strike 0-2: Ball 1-2: Ball 2-2: Strikes out swinging
|
Batting: RHB Victor Victorino
|
0-0: Ball 1-0: Foul Ball, location: 2F 1-1: Called Strike 1-2: Strikes out swinging
|
Batting: RHB Joe Strachan
|
0-0: Called Strike 0-1: DOUBLE (Line Drive, 78M, EV 103.8 MPH) Josh Ebeling to third
|
Batting: RHB Francisco Velazquez
|
0-0: Ball 1-0: Swinging Strike 1-1: Swinging Strike 1-2: Ball 2-2: Ball 3-2: Foul Ball, location: 2F 3-2: Strikes out swinging
|
Bottom of the 4th over - 0 runs, 2 hits, 0 errors, 2 left on base; Wichita State University 3 - Pennsylvania State University 0 |
TOP OF THE 5TH |
Wichita State University Shockers batting - Pitching for Pennsylvania State University Nittany Lions : LHP Jeremy Bravo
|
Pitching: RHP Velimir Danicic
|
|
Batting: RHB Jeff Grant
|
0-0: Called Strike 0-1: Fly out, F8 (Flyball, 89M, EV 93.1 MPH)
|
Batting: RHB Alex Zeledon
|
0-0: Called Strike 0-1: Ball 1-1: Ball 2-1: Foul Ball, location: 2F 2-2: Ball 3-2: Strikes out swinging
|
Batting: RHB Lucio Baratta
|
0-0: Ball 1-0: Ball 2-0: TRIPLE (Flyball, 89XD, EV 95.0 MPH)
|
Batting: LHB Carlos Flores
|
0-0: Called Strike 0-1: Foul Ball, location: 2F 0-2: Strikes out swinging
|
Top of the 5th over - 0 runs, 1 hit, 0 errors, 1 left on base; Wichita State University 3 - Pennsylvania State University 0 |
BOTTOM OF THE 5TH |
Pennsylvania State University Nittany Lions batting - Pitching for Wichita State University Shockers : RHP Boboy Cacabelos
|
Batting: LHB Dan Lape
|
0-0: Ball 1-0: Fly out, F9 (Line Drive, 89M, EV 95.0 MPH)
|
Batting: RHB James Steinmetz
|
0-0: Ball 1-0: Foul Ball, location: 2F 1-1: Foul Ball, location: 2F 1-2: Ball 2-2: Foul Ball, location: 2F 2-2: Foul Ball, location: 2F 2-2: Ball 3-2: DOUBLE (Line Drive, 9LS, EV 103.8 MPH)
|
Batting: RHB Jesse Bandt
|
0-0: Ball 1-0: Ball 2-0: Ball 3-0: Called Strike 3-1: Base on Balls
|
Batting: RHB Pete Martin
|
0-0: Foul Ball, location: 2F 0-1: Swinging Strike 0-2: Foul Ball, location: 2F 0-2: Ground out 5-3 (Groundball, 56S, EV 66.2 MPH) James Steinmetz to third Jesse Bandt to second
|
Batting: RHB Josh Ebeling
|
0-0: Foul Ball, location: 2F 0-1: Ball 1-1: Ball 2-1: Ball 3-1: Called Strike 3-2: Foul Ball, location: 2F 3-2: Fly out, F7 (Flyball, 7, EV 82.5 MPH)
|
Bottom of the 5th over - 0 runs, 1 hit, 0 errors, 2 left on base; Wichita State University 3 - Pennsylvania State University 0 |
TOP OF THE 6TH |
Wichita State University Shockers batting - Pitching for Pennsylvania State University Nittany Lions : RHP Velimir Danicic
|
Batting: RHB Jordan Carr
|
0-0: Foul Ball, location: 2F 0-1: Ball 1-1: Ball 2-1: Foul Ball, location: 2F 2-2: Foul Ball, location: 2F 2-2: Ball 3-2: Ground out 1-3 (Groundball, 13S, EV 67.5 MPH)
|
Pitching: LHP Yari Rono
|
|
Batting: RHB Kyle Gill
|
0-0: Called Strike 0-1: Ball 1-1: Ball 2-1: Fly out, F7 (Line Drive, 7D, EV 90.6 MPH)
|
Batting: SHB Mike Chafe
|
0-0: Ball 1-0: SINGLE (Groundball, 6, EV 97.5 MPH)
|
Batting: RHB Rick McGrath
|
0-0: Ball 1-0: 2-RUN HOME RUN (Flyball, 7D, EV 98.1 MPH), Distance : 375 ft
|
Batting: SHB Peter Faggard
|
0-0: Ball 1-0: Ball 2-0: Ball 3-0: Called Strike 3-1: Called Strike 3-2: Foul Ball, location: 2F 3-2: SINGLE (Groundball, 56D, EV 95.0 MPH)
|
Batting: RHB Jeff Grant
|
0-0: Fly out, F8 (Flyball, 8RXD, EV 96.2 MPH)
|
Top of the 6th over - 2 runs, 3 hits, 0 errors, 1 left on base; Wichita State University 5 - Pennsylvania State University 0 |
BOTTOM OF THE 6TH |
Pennsylvania State University Nittany Lions batting - Pitching for Wichita State University Shockers : RHP Boboy Cacabelos
|
Batting: RHB Rob Hinojosa
|
0-0: Foul Ball, location: 2F 0-1: Ball 1-1: Ground out 4-3 (Groundball, P, EV 84.4 MPH)
|
Pitching: LHP Rusty Estes
|
|
Batting: RHB Victor Victorino
|
0-0: Ball 1-0: Ball 2-0: Ball 3-0: Called Strike 3-1: Foul Ball, location: 2F 3-2: Base on Balls
|
Batting: RHB Joe Strachan
|
0-0: SINGLE (Groundball, 56D, EV 95.0 MPH) Victor Victorino to second
|
Batting: RHB Francisco Velazquez
|
0-0: Called Strike 0-1: Called Strike 0-2: Fielders Choice at 2nd, 1-6 (Groundball, 13S, EV 65.6 MPH) Victor Victorino to third
|
Batting: LHB Dan Lape
|
0-0: Fly out, F8 (Flyball, 8RD, EV 103.1 MPH)
|
Bottom of the 6th over - 0 runs, 1 hit, 0 errors, 2 left on base; Wichita State University 5 - Pennsylvania State University 0 |
TOP OF THE 7TH |
Wichita State University Shockers batting - Pitching for Pennsylvania State University Nittany Lions : LHP Yari Rono
|
Batting: RHB Alex Zeledon
|
0-0: Ground out 6-3 (Groundball, 6, EV 100.6 MPH)
|
Batting: RHB Lucio Baratta
|
0-0: Called Strike 0-1: Ball 1-1: Foul Ball, location: 2F 1-2: Ball 2-2: Strikes out swinging
|
Batting: LHB Carlos Flores
|
0-0: Ball 1-0: Swinging Strike 1-1: Swinging Strike 1-2: Foul Ball, location: 2F 1-2: Ball 2-2: Ball 3-2: SOLO HOME RUN (Flyball, 78XD, EV 106.9 MPH), Distance : 431 ft
|
Pitching: LHP John McDonald
|
|
Batting: RHB Jordan Carr
|
0-0: Foul Ball, location: 2F 0-1: SINGLE (Line Drive, 8RS, EV 91.2 MPH)
|
Batting: RHB Kyle Gill
|
0-0: Swinging Strike 0-1: Swinging Strike 0-2: Strikes out looking
|
Top of the 7th over - 1 run, 2 hits, 0 errors, 1 left on base; Wichita State University 6 - Pennsylvania State University 0 |
BOTTOM OF THE 7TH |
Pennsylvania State University Nittany Lions batting - Pitching for Wichita State University Shockers : LHP Rusty Estes
|
Batting: RHB James Steinmetz
|
0-0: Ball 1-0: Ground out 5-3 (Groundball, 5S, EV 81.9 MPH)
|
Batting: RHB Jesse Bandt
|
0-0: Called Strike 0-1: Fly out, F7 (Flyball, 78M, EV 98.1 MPH)
|
Batting: RHB Pete Martin
|
0-0: Called Strike 0-1: Swinging Strike 0-2: Fly out, F3 (Popup, 3SF, EV 82.5 MPH)
|
Bottom of the 7th over - 0 runs, 0 hits, 0 errors, 0 left on base; Wichita State University 6 - Pennsylvania State University 0 |
TOP OF THE 8TH |
Wichita State University Shockers batting - Pitching for Pennsylvania State University Nittany Lions : LHP John McDonald
|
Batting: SHB Mike Chafe
|
0-0: Called Strike 0-1: Swinging Strike 0-2: Ball 1-2: Strikes out swinging
|
Batting: RHB Rick McGrath
|
0-0: Called Strike 0-1: Foul Ball, location: 2F 0-2: Ball 1-2: Ball 2-2: Fly out, F3 (Popup, 34, EV 60.0 MPH)
|
Batting: SHB Peter Faggard
|
0-0: Ball 1-0: Ball 2-0: Called Strike 2-1: Foul Ball, location: 2F 2-2: SINGLE (Line Drive, 6MD, EV 98.8 MPH)
|
Pitching: RHP David Cantu
|
|
Batting: RHB Jeff Grant
|
0-0: Foul Ball, location: 2F 0-1: Ball 1-1: Ball 2-1: Foul Ball, location: 2F 2-2: Strikes out looking
|
Top of the 8th over - 0 runs, 1 hit, 0 errors, 1 left on base; Wichita State University 6 - Pennsylvania State University 0 |
BOTTOM OF THE 8TH |
Pennsylvania State University Nittany Lions batting - Pitching for Wichita State University Shockers : LHP Rusty Estes
|
Batting: RHB Josh Ebeling
|
0-0: Called Strike 0-1: Ball 1-1: Foul Ball, location: 2F 1-2: Ball 2-2: Ball 3-2: Foul Ball, location: 2F 3-2: Foul Ball, location: 2F 3-2: Foul Ball, location: 2F 3-2: Base on Balls
|
Pitching: LHP Greg Burton
|
|
Batting: RHB Rob Hinojosa
|
0-0: Ball 1-0: Ball 2-0: Foul Ball, location: 2F 2-1: Ball 3-1: DOUBLE (Line Drive, 78XD, EV 103.8 MPH) Josh Ebeling to third
|
Batting: RHB Victor Victorino
|
0-0: Ball 1-0: Swinging Strike 1-1: Called Strike 1-2: Ball 2-2: Ball 3-2: Base on Balls
|
Batting: RHB Joe Strachan
|
0-0: Ball 1-0: Foul Ball, location: 2F 1-1: Foul Ball, location: 2F 1-2: Ball 2-2: SINGLE (Flyball, 78S, EV 86.9 MPH) Josh Ebeling scores Rob Hinojosa to third Victor Victorino to second
|
Batting: RHB Francisco Velazquez
|
0-0: Ball 1-0: Ball 2-0: Foul Ball, location: 2F 2-1: SINGLE (Line Drive, 56D, EV 98.1 MPH) Rob Hinojosa scores Victor Victorino to third Joe Strachan to second
|
Pitching: LHP John Schroeder
|
|
Batting: LHB Dan Lape
|
0-0: Ball 1-0: Ball 2-0: Fly out, F7 (Flyball, 78S, EV 95.6 MPH)
|
Batting: RHB James Steinmetz
|
0-0: SINGLE (Groundball, 56D, EV 94.4 MPH) Victor Victorino scores Joe Strachan to third Francisco Velazquez to second
|
Batting: RHB Jesse Bandt
|
0-0: Foul Ball, location: 2F 0-1: DOUBLE (Flyball, 9LD, EV 102.5 MPH) Joe Strachan scores Francisco Velazquez scores James Steinmetz to third
|
Batting: RHB Pete Martin
|
0-0: Called Strike 0-1: DOUBLE (Line Drive, 89D, EV 101.2 MPH) James Steinmetz scores Jesse Bandt scores
|
Batting: RHB Josh Ebeling
|
0-0: Ball 1-0: Foul Ball, location: 2F 1-1: SINGLE (Line Drive, 78S, EV 111.2 MPH) Pete Martin to third
|
Batting: RHB Rob Hinojosa
|
0-0: Ball 1-0: Foul Ball, location: 2F 1-1: Fly out, F7 (Line Drive, 7, EV 97.5 MPH)
|
Batting: RHB Victor Victorino
|
0-0: Called Strike 0-1: Foul Ball, location: 2F 0-2: Ball 1-2: Ball 2-2: Ball 3-2: Base on Balls Josh Ebeling to second
|
Batting: RHB Joe Strachan
|
0-0: Ball 1-0: Ground out 2-3 (Groundball, 2L, EV 62.5 MPH)
|
Bottom of the 8th over - 7 runs, 7 hits, 0 errors, 3 left on base; Wichita State University 6 - Pennsylvania State University 7 |
TOP OF THE 9TH |
Wichita State University Shockers batting - Pitching for Pennsylvania State University Nittany Lions : RHP David Cantu
|
Pitching: RHP Preki Nedic
|
|
Now at 2B: Jesse Bandt
|
|
Now in CF: Perry Brantley
|
|
Pinch Hitting: LHB Kyle Lee
|
0-0: Ball 1-0: Ball 2-0: Swinging Strike 2-1: Ground out U3 (Groundball, 3, EV 85.6 MPH)
|
Batting: RHB Lucio Baratta
|
0-0: Foul Ball, location: 2F 0-1: Ball 1-1: Ball 2-1: Foul Ball, location: 2F 2-2: Ball 3-2: SINGLE (Groundball, 6MD, EV 106.2 MPH)
|
Batting: LHB Carlos Flores
|
0-0: Ball 1-0: Called Strike 1-1: Called Strike 1-2: Strikes out swinging
|
Batting: RHB Jordan Carr
|
0-0: Foul Ball, location: 2F 0-1: Ball 1-1: Ball 2-1: Fly out, F9 (Flyball, 9D, EV 100.6 MPH)
|
Top of the 9th over - 0 runs, 1 hit, 0 errors, 1 left on base; Wichita State University 6 - Pennsylvania State University 7 |
|